 Dungeon Sprint DCSS version 0.31-a0-1074-g0b22e4e0f1 (webtiles) character file.

Game seed: 1151664006421333697

1001 tbh1313 the Basher (level 8, -2/96 HPs)
             Began as an Ogre Berserker on Nov 28, 2023.
             Was a Priest of Trog.
             Slain by a kobold demonologist
             ... wielding a +0 dagger
              (3 damage)
             ... in the Dungeon (Sprint I: "Red Sonja").
             The game lasted 00:02:11 (452 turns).

tbh1313 the Basher (Ogre Berserker)                  Turns: 452, Time: 00:02:12

Health: -2/96      AC:  3    Str: 24    XL:     8   Next: 20%
Magic:  8/8        EV: 10    Int:  8    God:    Trog [***...]
Gold:   351        SH:  0    Dex:  8    Spells: 7/7 levels left

rFire   . . .        j - +0 giant club
rCold   . . .        (shield currently unavailable)
rNeg    . . .        b - +0 animal skin
rPois   .            (helmet restricted)
rElec   .            (no cloak)
rCorr   .            (gloves unavailable)
SInv    .            (boots unavailable)
Will    .....        (no amulet)
Stlth   +            (no ring)
HPRegen 0.36/turn    (no ring)
MPRegen 0.11/turn

%: no teleportation
@: lethally poisoned (-2 -> -14), on berserk cooldown, fragile, hasted and
slowed
A: large, unfitting armour, tough skin 1
a: Renounce Religion, Berserk, Trog's Hand


You were in the Dungeon.
You worshipped Trog.
Trog was most pleased with you.
You visited 1 branch You collected 351 gold pieces.

Inventory:

Hand Weapons
 a - a +0 mace
 j - a +0 giant club (weapon)
Armour
 b - a +0 animal skin (worn)
Wands
 i - a wand of roots (10)
 k - a wand of polymorph (5)
Scrolls
 h - a scroll of blinking
Potions
 f - 2 potions of magic
 g - a potion of berserk rage


   Skills:
 + Level 10.9 Fighting
 + Level 13.9 Maces & Flails
 - Level 5.0 Dodging


You had 7 spell levels left.
You didn't know any spells.
Your spell library was empty.

Dungeon Overview and Level Annotations

Branches:
Dungeon (1/1)

Altars:
Cheibriados
Dithmenos
Elyvilon
Fedhas
Gozag
Hepliaklqana
Kikubaaqudgha
Makhleb
Nemelex Xobeh
Okawaru
Qazlal
Ru
Sif Muna
Trog
Uskayaw
Vehumet
Wu Jian
Xom
Yredelemnul
Zin
The Shining One
Jiyva
Lugonu

Shops:
D (


Innate Abilities, Weirdness & Mutations

You are too large for most types of armour.
You have tough skin. (AC +1)


Message History

You bludgeon the kobold demonologist!!
The kobold demonologist is heavily wounded.
The orange demon stings you from afar!
The kobold demonologist closely misses you.
You closely miss the kobold demonologist.
The kobold demonologist is heavily wounded.
The orange demon stings you from afar!
The kobold demonologist hits you with a +0 dagger.
The orange demon closely misses you.
You closely miss the kobold demonologist.
The kobold demonologist is heavily wounded.
The kobold demonologist hits you with a +0 dagger.
* * * LOW HITPOINT WARNING * * *
The orange demon stings you from afar!
* * * LOW HITPOINT WARNING * * *
The kobold demonologist begins to cast a cantrip, but forgets the words!
You feel yourself speed up. The orange demon barely misses you.
The kobold demonologist hits you with a +0 dagger.
* * * LOW HITPOINT WARNING * * *
You hit the kobold demonologist but do no damage.
The kobold demonologist is heavily wounded.
The orange demon stings you from afar.
* * * LOW HITPOINT WARNING * * *
You are lethally poisoned!
The orange demon poisons you!
The kobold demonologist hits you but does no damage.
You feel much better.
You feel very sick. The orange demon stings you from afar.
* * * LOW HITPOINT WARNING * * *
The kobold demonologist casts a spell.
You hit the kobold demonologist but do no damage.
The kobold demonologist is heavily wounded.
Your attacks no longer feel as feeble.
* * * LOW HITPOINT WARNING * * *
You feel very sick. The orange demon stings you from afar!
* * * LOW HITPOINT WARNING * * *
The kobold demonologist hits you with a +0 dagger.
You die...

######################
..†..#..'..#__#$@K.3.#
..#..').#..'..'.$#4..#
####'#####'#__#### ..+
###..#...#.#### ##
__####..##.#
_____##'#_.+
_.∩...†..._#
_..__##_.#'#
_____###+#(#


You could see a soul eater (summoned), an orange demon (summoned) and a kobold
demonologist.

Levels and vault maps discovered:
D:        dungeon_sprint_1 [red_sonja_temple_1, red_sonja_temple_small_1]

Notes
Turn   | Place    | Note
-------+----------+-------------------------------------------
     0 | D        | tbh1313 the Ogre Berserker began the quest for the Orb.
     0 | D        | Reached XP level 1. HP: 24/24 MP: 1/1
     1 | D        | Noticed Ijyb
    10 | D        | Killed Ijyb
    11 | D        | Reached skill level 4 in Maces & Flails
    11 | D        | Reached XP level 2. HP: 37/37 MP: 2/2
    11 | D        | Reached XP level 3. HP: 45/45 MP: 3/3
    42 | D        | Noticed an ogre
    49 | D        | Killed an ogre
    50 | D        | Reached skill level 7 in Maces & Flails
    50 | D        | Reached XP level 4. HP: 22/55 MP: 4/4
   173 | D        | Noticed Sigmund
   185 | D        | Killed Sigmund
   185 | D        | Reached ** piety under Trog
   186 | D        | Reached skill level 10 in Maces & Flails
   186 | D        | Reached XP level 5. HP: 59/62 MP: 5/5
   186 | D        | Reached XP level 6. HP: 67/71 MP: 6/6
   269 | D        | Found an ornate altar of the Wu Jian Council.
   269 | D        | Found a shimmering blue altar of Sif Muna.
   271 | D        | Found a radiant altar of Vehumet.
   274 | D        | Reached skill level 11 in Maces & Flails
   282 | D        | Found Tero's Antique Weapon Emporium.
   282 | D        | Found an ancient bone altar of Kikubaaqudgha.
   282 | D        | Found a hazy altar of Hepliaklqana.
   282 | D        | Found a stormy altar of Qazlal.
   282 | D        | Found a hide-covered altar of Uskayaw.
   282 | D        | Found a blossoming altar of Fedhas.
   282 | D        | Found a bloodstained altar of Trog.
   282 | D        | Found an iron altar of Okawaru.
   282 | D        | Found a basalt altar of Yredelemnul.
   282 | D        | Found a glowing golden altar of the Shining One.
   282 | D        | Found a snail-covered altar of Cheibriados.
   282 | D        | Found a sacrificial altar of Ru.
   282 | D        | Found a glowing silver altar of Zin.
   282 | D        | Found a shadowy altar of Dithmenos.
   282 | D        | Found a white marble altar of Elyvilon.
   282 | D        | Noticed a yak
   285 | D        | Killed a yak
   286 | D        | Reached skill level 12 in Maces & Flails
   287 | D        | Found an opulent altar of Gozag.
   301 | D        | Found a sparkling altar of Nemelex Xobeh.
   354 | D        | Found a burning altar of Makhleb.
   354 | D        | Found a viscous altar of Jiyva.
   354 | D        | Found a shimmering altar of Xom.
   354 | D        | Found a corrupted altar of Lugonu.
   354 | D        | Noticed a slime creature
   360 | D        | Killed a slime creature
   361 | D        | Reached skill level 13 in Maces & Flails
   361 | D        | Reached XP level 7. HP: 80/80 MP: 7/7
   417 | D        | Noticed a kobold demonologist
   417 | D        | Noticed a glass eye
   417 | D        | Noticed a kobold demonologist
   429 | D        | Killed a glass eye
   430 | D        | Reached skill level 5 in Dodging
   433 | D        | Noticed an orange demon
   439 | D        | Killed a kobold demonologist
   439 | D        | Reached *** piety under Trog
   440 | D        | Reached skill level 10 in Fighting
   440 | D        | Reached XP level 8. HP: 71/96 MP: 8/8
   445 | D        | Noticed an orange demon
   450 | D        | HP: 7/96 [orange demon[a kobold demonologist] (6)]
   452 | D        | Noticed a soul eater
   452 | D        | HP: 1/96 [orange demon[a kobold demonologist] (11)]
   452 | D        | Slain by a kobold demonologist

Table legend: (Time is in decaauts)
 A = Elapsed time spent in this place.
 B = Non-inter-level travel time spent in this place.
 C = Inter-level travel time spent in this place.
 D = Time resting spent in this place.
 E = Time spent auto-exploring this place.
 F = Levels seen in this place.
 G = Mean time per level.
                   A        B        C        D        E       F      G
               +--------+--------+--------+--------+--------+-----+--------+
         Total |    480 |    480 |      0 |    324 |      0 |   1 |  480.0 |
       Dungeon |    480 |    480 |      0 |    324 |      0 |   1 |  480.0 |
               +--------+--------+--------+--------+--------+-----+--------+

Top non-repeatable levels by time:
       D: 480 daAuts

Table legend:
 A = Kills in this place as a percentage of kills in the entire game.
 B = Kills by you in this place as a percentage of kills by you in the entire game.
 C = Kills by friends in this place as a percentage of kills by friends in the entire game.
 D = Other kills in this place as a percentage of other kills in the entire game.
 E = Experience gained in this place as a percentage of experience gained in the entire game.
 F = Experience gained in this place divided by the number of levels of this place that you have seen.
                   A       B       C       D       E      F
               +-------+-------+-------+-------+-------+----------------------
         Total | 100.0 | 100.0 |   N/A |   N/A | 100.0 | 1431.0
       Dungeon | 100.0 | 100.0 |   N/A |   N/A | 100.0 | 1431.0
               +-------+-------+-------+-------+-------+----------------------

Action                     |  1- 3 |  4- 6 |  7- 9 || total
---------------------------+-------+-------+-------++-------
  Melee: Mace              |    14 |       |       ||    14
         Giant club        |       |    19 |    31 ||    50
 Invoke: Berserk           |     1 |     2 |     1 ||     4
         Trog's Hand       |       |       |     1 ||     1
    Use: Potion            |       |       |     3 ||     3
 Armour: Animal skin       |     4 |     9 |    22 ||    35
  Dodge: Dodged            |     4 |     2 |    10 ||    16

Vanquished Creatures
  A kobold demonologist (D)
  A glass eye (D)
  A slime creature (D)
  Sigmund (D)
  A yak (D)
  An ogre (D)
  A jelly (D)
  Ijyb (D)
8 creatures vanquished.
